 Dungeon Crawl Stone Soup version 0.19.0-2-gae57169 (webtiles) character file.

16765 xeno23 the Arsonist (level 12, -6/75 HPs)
             Began as a Deep Elf Fire Elementalist on Nov 5, 2016.
             Was a High Priest of Vehumet.
             Mangled by a black mamba (15 damage)
             ... on level 1 of the Lair of Beasts.
             The game lasted 00:57:49 (13992 turns).

xeno23 the Arsonist (Deep Elf Fire Elementalist)   Turns: 13992, Time: 00:57:49

Health: -6/75      AC:  7    Str:  5    XL:     12   Next: 12%
Magic:  7/23       EV: 14    Int: 26    God:    Vehumet [*****.]
Gold:   297        SH:  0    Dex: 15    Spells: 6 memorised, 5 levels left

rFire  . . .     SeeInvis .     R - staff of conjuration
rCold  + . .     Gourm    .     y - +0 robe {rC+}
rNeg   . . .     Faith    .     (no shield)
rPois  .         Spirit   .     O - +0 helmet
rElec  .         Reflect  .     s - +0 cloak
rCorr  .         Harm     .     D - +0 pair of gloves
MR     +....                    I - +1 pair of boots
Stlth  +++.......               (no amulet)
                                (no ring)
                                E - ring of stealth

@: lethally poisoned (-6 -> -8), very slightly contaminated, invisible
A: no striking features
a: Renounce Religion


You were on level 1 of the Lair of Beasts.
You worshipped Vehumet.
Vehumet was extremely pleased with you.
You were hungry.

You visited 3 branches of the dungeon, and saw 13 of its levels.

You collected 657 gold pieces.
You spent 360 gold pieces at shops.

Inventory:

Hand Weapons
 g - a +1 whip of venom
 S - a +2 dagger of electrocution
Armour
 s - a +0 cloak (worn)
 y - a +0 robe of cold resistance (worn)
 D - a +0 pair of gloves (worn)
 I - a +1 pair of boots (worn)
 O - a +0 helmet (worn)
Magical Staves
 R - an uncursed staff of conjuration (weapon)
Rods
 t - a +0 iron rod (9/9)
   (You found it on level 3 of the Dungeon)
Jewellery
 E - a ring of stealth (left hand)
Wands
 G - a wand of lightning (5/15)
 Q - a wand of confusion (20/48)
Scrolls
 j - 4 scrolls of remove curse
 k - 2 scrolls of enchant weapon {unknown}
 l - 3 scrolls of magic mapping {unknown}
 m - 4 scrolls of teleportation {unknown}
 n - 5 scrolls of enchant armour
 o - a scroll of identify
 p - 3 scrolls of immolation {unknown}
 q - 2 scrolls of fog {unknown}
 w - 3 scrolls of random uselessness {unknown}
 z - a scroll of blinking {unknown}
 A - a scroll of recharging {unknown}
 B - a scroll of amnesia {unknown}
 N - a scroll of fear {unknown}
Potions
 h - 6 potions of curing
 i - 2 potions of brilliance
 r - 2 potions of might
 u - 2 potions of ambrosia
 v - 2 potions of haste
 C - a potion of invisibility
 F - a potion of lignification
 K - a potion of heal wounds
 L - a potion of resistance
 M - a potion of flight
 P - a potion of berserk rage {unknown}
Books
 b - a book of Flames

   Spells                             Type                      Level
   a - Flame Tongue                   Conjuration/Fire             1
   b - Throw Flame                    Conjuration/Fire             2
   c - Conjure Flame                  Conjuration/Fire             3
   d - Inner Flame                    Hexes/Fire                   3
   e - Sticky Flame                   Conjuration/Fire             4
   f - Fireball                       Conjuration/Fire             5
 H - a book of Cantrips

   Spells                             Type                      Level
   a - Confusing Touch                Hexes                        1
   b - Animate Skeleton               Necromancy                   1
   c - Summon Small Mammal            Summoning                    1
   d - Apportation                    Translocation                1
Miscellaneous
 e - a phial of floods (inert)
Comestibles
 a - 12 chunks of flesh
 c - 8 bread rations
 d - 6 meat rations
 f - 19 fruits
 x - a beef jerky
 J - 4 slices of pizza


   Skills:
 + Level 8.9 Fighting
 - Level 0.3 Maces & Flails
 - Level 3.7 Dodging
 - Level 3.3 Stealth
 - Level 6.0 Spellcasting
 + Level 12.2 Conjurations
 + Level 12.7 Fire Magic


You had 5 spell levels left.
You knew the following spells:

 Your Spells              Type           Power        Failure   Level  Hunger
a - Flame Tongue          Conj/Fire      #####        1%          1    None
d - Conjure Flame         Conj/Fire      #######.     1%          3    None
q - Fireball              Conj/Fire      #######...   1%          5    #####..
s - Sticky Flame          Conj/Fire      #######.     1%          4    ###....
v - Apportation           Tloc           #.........   10%         1    None
w - Iskenderun's Mystic   Conj           #######.     1%          4    ###....


Dungeon Overview and Level Annotations

Branches:
Dungeon (11/15)            Temple (1/1) D:4            Lair (1/6) D:11
    Orc: D:9-12

Altars:
Ashenzari
Cheibriados
Dithmenos
Elyvilon
Fedhas
Gozag
Hepliaklqana
Kikubaaqudgha
Makhleb
Nemelex Xobeh
Okawaru
Qazlal
Ru
Sif Muna
Trog
Uskayaw
Vehumet
Xom
Yredelemnul
Zin
The Shining One

Shops:
D:10 !

Annotations:
D:9 exclusion: door


Message History

You feel sick.
You take 1 damage.
You feel sick.
You feel sick.
You take 1 damage.
You feel sick.
You take 1 damage.
You feel sick.
You take 1 damage.
You feel sick.
You take 1 damage.
You feel sick.
You feel sick.
You take 1 damage.
You feel sick.
You take 1 damage.
You feel sick. 2 wolves come into view.
You feel sick. The black mamba bites you!
You die...

##..#####.#.##...#.
#......#.# ##.####
######.#.# .# #.#.#
#.#.# #.#.# #...##
#.#.S# #.#@##
#.....h...h
###P###...# ### ..


You could see a black mamba and 2 wolves.

Vanquished Creatures
  A hydra (D:8)
  The ghost of kae the Basher, a journeyman FoFi of Qazlal (D:11)
  Nergalle (D:10)
  The ghost of bananaglory the Fighter, a novice TeAs of Cheibriados (D:7)
  3 hill giants
  Pikel (D:4)
  A manticore (D:11)
  A cyclops (D:11)
  A centaur zombie (D:11)
  A spiny frog (Lair:1)
  2 gargoyles
  A troll (D:11)
  3 two-headed ogres
  2 dream sheep (D:8)
  4 hippogriffs
  The ghost of xeno23 the Firebug, an amateur DEFE (D:3)
  9 yaks
  A basilisk (D:11)
  A steam dragon (D:9)
  2 hungry ghosts
  A water moccasin (D:11)
  2 sky beasts (D:10)
  5 orc warriors
  2 slaves (D:4)
  3 black bears
  4 ogres
  9 centaurs
  3 wolves (D:11)
  Blork the orc (D:4)
  3 big kobolds (D:8)
  10 bullfrogs
  A wyvern zombie (D:6)
  2 wyvern skeletons
  4 scorpions
  9 killer bees
  3 electric eels (D:11)
  4 howler monkeys
  14 wights
  6 crimson imps
  A bullfrog zombie (D:11)
  2 quasits
  7 hounds
  3 centaur skeletons
  2 jellies
  A gnoll shaman (D:8)
  9 orc priests
  5 orc wizards
  3 bullfrog skeletons
  An iguana (D:10)
  12 worker ants
  A hound skeleton (D:5)
  A howler monkey zombie (D:10)
  10 gnolls
  13 adders
  2 shadow imps (D:6)
  7 oozes (D:1)
  An adder zombie (D:9)
  2 worms
  5 leopard geckos
  40 orcs
  2 ball pythons (D:2)
  12 giant cockroaches
  8 goblins
  6 hobgoblins
  20 jackals
  2 quokkas
  2 bats (D:2)
  7 frilled lizards
  8 kobolds
  A leopard gecko zombie (D:7)
  A quokka skeleton (D:4)
  A quokka zombie (D:9)
  14 rats
  A plant (D:8)
337 creatures vanquished.

Vanquished Creatures (others)
  A scorpion (D:4)
  A plant (D:8)
2 creatures vanquished.

Grand Total: 339 creatures vanquished

Notes
Turn   | Place    | Note
-------+----------+-------------------------------------------
     0 | D:1      | xeno23 the Deep Elf Fire Elementalist began the quest for the Orb.
     0 | D:1      | Reached XP level 1. HP: 10/10 MP: 6/6
     1 | D:1      | Found a runed door.
   181 | D:1      | Reached XP level 2. HP: 15/15 MP: 6/8
   622 | D:1      | Reached XP level 3. HP: 14/19 MP: 0/10
  1019 | D:2      | Reached XP level 4. HP: 22/24 MP: 3/11
  1024 | D:2      | Learned a level 3 spell: Conjure Flame
  1029 | D:2      | Learned a level 4 spell: Sticky Flame
  2027 | D:3      | Reached XP level 5. HP: 25/28 MP: 8/13
  2375 | D:3      | Noticed xeno23's ghost (amateur DEFE)
  2391 | D:3      | Killed xeno23's ghost
  2391 | D:3      | Reached skill level 5 in Spellcasting
  2391 | D:3      | Reached XP level 6. HP: 33/33 MP: 2/15
  2507 | D:3      | Learned a level 5 spell: Fireball
  2679 | D:3      | Reached skill level 5 in Fire Magic
  2993 | D:4      | Noticed Blork the orc
  3006 | D:4      | Killed Blork the orc
  3006 | D:4      | Reached XP level 7. HP: 26/37 MP: 8/17
  3168 | D:4      | Found an iron altar of Okawaru.
  3327 | D:4      | Noticed Pikel
  3626 | D:4      | Killed Pikel
  3626 | D:4      | Reached skill level 5 in Conjurations
  3626 | D:4      | Reached XP level 8. HP: 42/42 MP: 1/19
  3831 | D:4      | Found a shimmering altar of Xom.
  3839 | D:4      | Found a staircase to the Ecumenical Temple.
  3914 | Temple   | Entered the Ecumenical Temple
  3930 | Temple   | Became a worshipper of Vehumet
  4064 | D:5      | Entered Level 5 of the Dungeon
  4411 | D:5      | Reached * piety under Vehumet
  4411 | D:5      | Offered knowledge of Sandblast by Vehumet.
  5299 | D:6      | Reached skill level 1 in Fighting
  5869 | D:6      | Reached ** piety under Vehumet
  5901 | D:6      | Offered knowledge of Throw Frost by Vehumet.
  5901 | D:6      | Reached XP level 9. HP: 41/48 MP: 8/20
  6471 | D:7      | Found a shadowy altar of Dithmenos.
  6471 | D:7      | Found a white marble altar of Elyvilon.
  6471 | D:7      | Found a shattered altar of Ashenzari.
  6473 | D:7      | Found a blossoming altar of Fedhas.
  6772 | D:7      | Noticed bananaglory's ghost (novice TeAs)
  7829 | D:7      | Offered knowledge of Static Discharge by Vehumet.
  8118 | D:7      | Reached *** piety under Vehumet
  8246 | D:7      | Killed bananaglory's ghost
  8246 | D:7      | Reached skill level 5 in Fighting
  8401 | D:8      | Found a shattered altar of Ashenzari.
  8431 | D:8      | Reached XP level 10. HP: 50/59 MP: 16/21
  8433 | D:8      | Found a bloodstained altar of Trog.
  8802 | D:8      | Reached skill level 10 in Fire Magic
  8803 | D:8      | Noticed a three-headed hydra
  8806 | D:8      | Offered knowledge of Airstrike by Vehumet.
  9350 | D:8      | Learned a level 1 spell: Apportation
  9529 | D:8      | Killed a three-headed hydra
  9627 | D:9      | Reached skill level 10 in Conjurations
 10234 | D:9      | Reached **** piety under Vehumet
 10423 | D:9      | Offered knowledge of Iskenderun's Mystic Blast by Vehumet.
 10426 | D:9      | Reached XP level 11. HP: 38/67 MP: 17/22
 10744 | D:10     | Entered Level 10 of the Dungeon
 10825 | D:10     | Found Veit's Distillery.
 10832 | D:10     | Noticed a hill giant
 10840 | D:10     | Killed a hill giant
 10967 | D:10     | Bought a potion of heal wounds for 75 gold pieces
 10967 | D:10     | Bought a potion of resistance for 150 gold pieces
 10968 | D:10     | Bought a potion of flight for 45 gold pieces
 10968 | D:10     | Bought 2 potions of curing for 90 gold pieces
 11012 | D:10     | Found a sparkling altar of Nemelex Xobeh.
 11019 | D:10     | Noticed Nergalle
 11096 | D:10     | Killed Nergalle
 11637 | D:10     | Noticed a hill giant
 11640 | D:10     | Killed a hill giant
 12259 | D:11     | Noticed kae's ghost (journeyman FoFi)
 12276 | D:10     | Learned a level 4 spell: Iskenderun's Mystic Blast
 12411 | D:11     | Reached ***** piety under Vehumet
 12433 | D:11     | Offered knowledge of Iskenderun's Battlesphere by Vehumet.
 12691 | D:11     | Found Wesun's Whimsical Warehouse.
 13395 | D:11     | Killed kae's ghost
 13455 | D:11     | Found a staircase to the Lair.
 13505 | D:11     | Noticed a hill giant
 13507 | D:11     | Killed a hill giant
 13507 | D:11     | Reached XP level 12. HP: 72/75 MP: 11/23
 13943 | Lair:1   | Entered Level 1 of the Lair of Beasts
 13992 | Lair:1   | Mangled by a black mamba

Skill      XL: |  1  2  3  4  5  6  7  8  9 10 11 |
---------------+----------------------------------+-----
Fire Magic     | 4 5 6 8 9 11 12 | 12.7
Conjurations   | 2 3 5 7 8 10 12 | 12.2
Stealth        | 3 |  3.3
Spellcasting   | 4 5 6 |  6.0
Dodging        | 3 |  3.7
Fighting       | 2 5 7 8 |  8.9
Maces & Flails | |  0.3

Action                   |  1- 3 |  4- 6 |  7- 9 | 10-12 || total
-------------------------+-------+-------+-------+-------++-------
Melee: Whip              |    26 |     9 |   143 |   110 ||   288
       Falchion          |       |       |       |    11 ||    11
       Staff             |       |       |       |     7 ||     7
 Cast: Flame Tongue      |    54 |   113 |   122 |   120 ||   409
       Conjure Flame     |       |     1 |     3 |     5 ||     9
       Sticky Flame      |       |     4 |    28 |    43 ||    75
       Fireball          |       |       |    25 |    76 ||   101
       Iskenderun's Myst |       |       |       |    12 ||    12
Evoke: Wand              |       |       |       |    14 ||    14
       Phial of floods   |       |       |       |     1 ||     1
  Use: Scroll            |       |       |     6 |     5 ||    11
       Potion            |       |       |     2 |     1 ||     3
 Stab: Sleeping          |       |       |     3 |     4 ||     7
  Eat: Chunk             |       |     6 |    21 |    35 ||    62
       Pizza             |       |       |     1 |     2 ||     3
       Meat ration       |       |       |     1 |     1 ||     2
Armor: Robe              |     7 |    10 |    24 |    59 ||   100
Dodge: Dodged            |    41 |    39 |   127 |   210 ||   417
       Rpst.: Falchion   |       |       |       |     8 ||     8
